 Dungeon Crawl Stone Soup version 0.29-a0-352-g0917bc69df (webtiles) character file.

Game seed: 9646605529773547357

37 NinjaNoafa the Chopper (level 3, -1/33 HPs)
             Began as a Hill Orc Monk on Apr 24, 2022.
             Slain by an acid dragon (10 damage)
             ... summoned by the darkness of Dithmenos
             ... on level 2 of the Dungeon.
             The game lasted 00:04:06 (2148 turns).

NinjaNoafa the Chopper (Hill Orc Monk)              Turns: 2148, Time: 00:04:07

Health: -1/33      AC:  8    Str: 15    XL:     3   Next: 39%
Magic:  3/3        EV: 12    Int: 10    God:
Gold:   46         SH:  0    Dex:  9    Spells: 2/2 levels left

rFire   + . .      SeeInvis .   a - +0 hand axe
rCold   + . .      Faith    .   (no shield)
rNeg    . . .      Spirit   .   b - +0 robe
rPois   .          Reflect  .   d - +2 hat
rElec   .          Harm     .   (no cloak)
rCorr   +          Rampage  .   e - +2 pair of gloves
Will    .....                   k - +0 pair of boots
Stlth   ++........              r - amulet "Ylail" {RegenMP rC+ rCorr Dex-4}
HPRegen 0.11/turn               j - ring of protection from fire
MPRegen 0.48/turn               (no ring)

@: no status effects
A: no striking features
a: no special abilities


You were on level 2 of the Dungeon.
You visited 1 branch of the dungeon, and saw 2 of its levels.

You collected 46 gold pieces.

Inventory:

Hand Weapons
 a - a +0 hand axe (weapon)
 l - a +1 dagger
Armour
 b - a +0 robe (worn)
 d - a +2 hat (worn)
 e - a +2 pair of gloves (worn)
 k - a +0 pair of boots (worn)
Jewellery
 g - an amulet of reflection
 j - a ring of protection from fire (left hand)
 r - the amulet "Ylail" (around neck) {RegenMP rC+ rCorr Dex-4}
   (You found it on level 2 of the Dungeon)

   [amulet of magic regeneration]

   It increases your rate of magic regeneration.
   Dex:       It affects your dexterity (-4).
   rC:        It protects you from cold.
   rCorr:     It protects you from acid and corrosion.
Scrolls
 h - a scroll of identify
 i - a scroll of silence
 m - a scroll of fog {unknown}
 n - a scroll of torment {unknown}
 o - a scroll of blinking {unknown}
 q - a scroll of vulnerability {unknown}
 s - a scroll of teleportation
Potions
 c - a potion of ambrosia
 f - a potion of flight
 p - a potion of berserk rage {unknown}
 t - a potion of mutation {unknown}


   Skills:
 + Level 4.0 Fighting
 - Level 0.1 Short Blades
 + Level 4.4 Axes
 - Level 1.0 Armour
 + Level 2.5 Dodging
 + Level 2.1 Stealth
 * Level 0.5 Invocations


You had 2 spell levels left.
You didn't know any spells.
Your spell library contained the following spells:

 Spells                   Type           Power      Damage    Failure   Level
 Blink                    Tloc           0%         N/A       50%         2
 Ensorcelled Hibernation  Hex/Ice        0%         N/A       50%         2
 Lesser Beckoning         Tloc           0%         N/A       75%         3
 Spider Form              Tmut/Pois      0%         N/A       75%         3
 Tukima's Dance           Hex            0%         N/A       75%         3
 Anguish                  Hex/Necr       0%         N/A       98%         4
 Passage of Golubria      Tloc           0%         N/A       98%         4
 Manifold Assault         Tloc           0%         N/A       100%        5
 Yara's Violent Unravell  Hex/Tmut       0%         3d3       100%        5


Dungeon Overview and Level Annotations

Branches:
Dungeon (2/15)

Altars:
Dithmenos


Message History

Okay, then.
A kobold comes into view. It is wielding a +0 dagger.
A kobold is nearby!
A kobold is nearby!
The kobold shouts!
You hit the kobold.
You kill the kobold!
Things that are here:
a +0 dagger; a stone
Things that are here:
a +0 dagger; a stone Dithmenos weaves monsters from the shadows.
There are monsters nearby!
There are monsters nearby!
You hit the acid dragon but do no damage.
You hit the acid dragon.
The acid dragon is lightly wounded.
The acid dragon misses you. x2
You barely miss the acid dragon.
The acid dragon is lightly wounded.
You barely miss the orc wizard. The acid dragon bites you.
The acid dragon claws you but does no damage.
The orc wizard mumbles some strange words.
The orc wizard flickers and vanishes!
Deactivating autopickup; reactivate with Ctrl-A.
You hit the acid dragon.
The acid dragon is lightly wounded.
You barely miss something. The acid dragon bites you.
The acid dragon claws you. Something hits you.
You hit the acid dragon.
The acid dragon is heavily wounded.
You hit something but do no damage. The acid dragon spits acid at you.
The splash of acid hits you! You resist.
* * * LOW HITPOINT WARNING * * *
Something hits you but does no damage.
You hit the acid dragon.
The acid dragon is heavily wounded.
You miss something. The acid dragon bites you!
You die...

.....<.##...# #.#
.......##...#####.#
.......##.........#
#########....######
#....# #....#
#....#
####.#########
#ooo{@D...#
###########


You could see an acid dragon (summoned, catching breath), an orc wizard
(summoned) and 2 orcs.

Vanquished Creatures
  An endoplasm (D:1)
  3 giant cockroaches
  6 goblins
  5 hobgoblins
  3 kobolds (D:2)
  A quokka (D:1)
  5 ball pythons
  3 bats (D:1)
  2 frilled lizards (D:2)
  5 rats
34 creatures vanquished.

Notes
Turn   | Place    | Note
-------+----------+-------------------------------------------
     0 | D:1      | NinjaNoafa the Hill Orc Monk began the quest for the Orb.
     0 | D:1      | Reached XP level 1. HP: 19/19 MP: 1/1
   243 | D:1      | Reached XP level 2. HP: 26/27 MP: 2/2
   717 | D:1      | Reached skill level 1 in Armour
   851 | D:1      | Reached XP level 3. HP: 33/33 MP: 3/3
  1308 | D:2      | Found a shadowy altar of Dithmenos.
  1314 | D:2      | Became a worshipper of Dithmenos the Shadowed
  1314 | D:2      | Reached * piety under Dithmenos
  1314 | D:2      | Reached ** piety under Dithmenos
  1407 | D:2      | Found a faded altar of an unknown god.
  1829 | D:2      | Identified the amulet "Ylail" {RegenMP rC+ rCorr Dex-4}
  1843 | D:2      | Fell from the grace of Dithmenos
  2143 | D:2      | Noticed an acid dragon
  2148 | D:2      | Slain by an acid dragon

Illustrated notes

Levels and vault maps discovered:
D:1:      dpeg_arrival_arbitrary_b, layout_loops_corners, minmay_misc_feat_chi
D:2:      layout_basic, nicolae_ecumenical_oubliette, basic_altar

Skill      XL: |  1  2 |
---------------+-------+-----
Armour         | 1 |  1.0
Stealth        | 2 |  2.1
Fighting       | 4 |  4.0
Short Blades   | |  0.1
Axes           | |  4.4
Dodging        | |  2.5
Invocations    | |  0.5

Action                   || total
-------------------------++-------
Melee: Hand axe          ||    97
       Punch             ||     1
       Dagger            ||    25
Invok: Renounce Religion ||     1
  Use: Scroll            ||     5
 Stab: Sleeping          ||     7
Armor: Robe              ||    53
Dodge: Dodged            ||    87
Block: Other             ||     8
       Reflection        ||     1

Table legend: (Time is in decaauts)
 A = Elapsed time spent in this place.
 B = Non-inter-level travel time spent in this place.
 C = Inter-level travel time spent in this place.
 D = Time resting spent in this place.
 E = Time spent auto-exploring this place.
 F = Levels seen in this place.
 G = Mean time per level.
                   A        B        C        D        E       F      G
               +--------+--------+--------+--------+--------+-----+--------+
         Total |   2157 |   2005 |    152 |      0 |   1599 |   2 | 1078.5 |
       Dungeon |   2157 |   2005 |    152 |      0 |   1599 |   2 | 1078.5 |
               +--------+--------+--------+--------+--------+-----+--------+

Top non-repeatable levels by time:
     D:1: 1378 daAuts
     D:2: 778 daAuts
